 Dungeon Crawl Stone Soup version 0.19.5 (webtiles) character file.

215 lollosino the Poker (level 5, 0/41 HPs)
             Began as a Merfolk Gladiator on May 8, 2017.
             Slain by a gnoll
             ... wielding a +0 whip
              (7 damage)
             ... on level 3 of the Dungeon.
             The game lasted 00:10:21 (2015 turns).

lollosino the Poker (Merfolk Gladiator)             Turns: 2015, Time: 00:10:23

Health: 0/41       AC:  7    Str: 16    XL:     5   Next: 92%
Magic:  5/5        EV: 13    Int:  7    God:
Gold:   74         SH:  0    Dex: 15    Spells: 0 memorised, 4 levels left

rFire  . . .     SeeInvis .     a - +0 trident
rCold  + . .     Gourm    .     e - +1 ring mail {rC+}
rNeg   . . .     Faith    .     (no shield)
rPois  .         Spirit   .     c - +0 helmet
rElec  .         Reflect  .     (no cloak)
rCorr  +         Harm     .     (no gloves)
MR     .....                    (no boots)
Stlth  +.........               (no amulet)
                                (no ring)
                                k - ring of resist corrosion

@: no status effects
A: change form in water, swift swim, stealthy swim
a: no special abilities


You were on level 3 of the Dungeon.
You were not hungry.

You visited 1 branch of the dungeon, and saw 3 of its levels.

You collected 74 gold pieces.

Inventory:

Hand Weapons
 a - a +0 trident (weapon)
Missiles
 d - 3 throwing nets (quivered)
Armour
 c - a +0 helmet (worn)
 e - a +1 ring mail of cold resistance (worn)
 i - a +3 leather armour of magic resistance
Jewellery
 k - a ring of resist corrosion (left hand)
Potions
 b - a potion of curing
 g - a potion of magic
 l - a potion of cure mutation
 m - a potion of haste {unknown}
 n - a potion of lignification {unknown}
Comestibles
 f - 2 bread rations
 h - a meat ration


   Skills:
 + Level 3.0 Fighting
 + Level 5.0 Polearms
 - Level 2.0 Throwing
 + Level 2.7 Armour
 + Level 5.0 Dodging
 - Level 2.0 Stealth


You had 4 spell levels left.
You didn't know any spells.

Dungeon Overview and Level Annotations

Branches:
Dungeon (3/15)

Altars:


Message History

You barely miss the gnoll. The gnoll hits you with a whip!
You puncture the gnoll!
The gnoll is severely wounded.
The gnoll hits you but does no damage.
You hit the gnoll.
The gnoll is severely wounded.
The gnoll barely misses you.
You barely miss the gnoll.
The gnoll is severely wounded.
The gnoll hits you with a whip.
* * * LOW HITPOINT WARNING * * *
The gnoll hits you with a whip.
* * * LOW HITPOINT WARNING * * *
You hit the gnoll.
The gnoll is almost dead.
The gnoll closely misses you.
You barely miss the gnoll.
The gnoll is almost dead.
The gnoll hits you with a whip!
You die...

...##..
#####..>....
...........
#..$..# #.....#
+.....# #gS...#
#g#+### .#
#@#..##...###
#.#...#......
#.....#....#
#####'#'#....##
#..............
#..............
#..............
#......<.....#
#..............


You could see 2 gnolls and an adder.

Vanquished Creatures
  A phantom (D:3)
  Ijyb (D:1)
  4 adders
  A worm (D:1)
  A dart slug (D:2)
  5 leopard geckos
  4 bats (D:2)
  3 giant cockroaches
  8 goblins
  8 hobgoblins
  3 jackals (D:1)
  2 quokkas (D:2)
  2 frilled lizards
  6 kobolds
  9 rats
58 creatures vanquished.

Notes
Turn   | Place    | Note
-------+----------+-------------------------------------------
     0 | D:1      | lollosino the Merfolk Gladiator began the quest for the Orb.
     0 | D:1      | Reached XP level 1. HP: 16/16 MP: 1/1
   144 | D:1      | Reached XP level 2. HP: 12/22 MP: 2/2
   212 | D:1      | Reached skill level 5 in Polearms
   289 | D:1      | Reached XP level 3. HP: 10/28 MP: 3/3
   388 | D:1      | You fall through a shaft!
   445 | D:2      | Reached skill level 5 in Dodging
   451 | D:2      | HP: 1/28 [quokka (4)]
   748 | D:1      | Reached XP level 4. HP: 29/34 MP: 4/4
  1159 | D:2      | Noticed Ijyb
  1187 | D:1      | Killed Ijyb
  1187 | D:1      | Reached skill level 1 in Armour
  1187 | D:1      | Reached skill level 1 in Stealth
  1795 | D:2      | Reached XP level 5. HP: 41/41 MP: 5/5
  1912 | D:3      | Noticed a phantom
  1963 | D:3      | Killed a phantom
  2015 | D:3      | Slain by a gnoll

Skill      XL: |  1  2  3  4  5 |
---------------+----------------+-----
Polearms       | 5 |  5.0
Dodging        | 5 |  5.0
Fighting       | 3 |  3.0
Armour         | 1 2 |  2.7
Stealth        | 1 2 |  2.0
Throwing       | |  2.0

Action                   |  1- 3 |  4- 6 || total
-------------------------+-------+-------++-------
Melee: Trident           |   120 |   128 ||   248
  Use: Scroll            |     1 |     5 ||     6
       Potion            |     1 |       ||     1
 Stab: Sleeping          |     2 |       ||     2
  Eat: Bread ration      |       |     1 ||     1
       Beef jerky        |       |     1 ||     1
Armor: Leather armour    |    33 |       ||    33
       Ring mail         |     2 |    36 ||    38
Dodge: Dodged            |    95 |    69 ||   164
